 Dungeon Crawl Stone Soup version 0.18-a0-1584-g146024a (webtiles) character file.

2649 MenacingMecha the Basher (level 9, 0/92 HPs)
             Began as an Ogre Berserker on Mar 18, 2016.
             Was an Elder of Trog.
             Slain by a killer bee (5 damage)
             ... on level 7 of the Dungeon.
             The game lasted 00:17:31 (7550 turns).

MenacingMecha the Basher (Ogre Berserker)           Turns: 7550, Time: 00:17:32

Health: 0/92       AC:  7    Str: 24    XL:     9   Next: 62%
Magic:  9/9        EV: 11    Int:  6    God:    Trog [****..]
Gold:   303        SH:  0    Dex: 12    Spells: 0 memorised, 8 levels left

rFire  . . .     SeeInvis .     p - +0 flail
rCold  . . .     Gourm    .     b - +1 animal skin
rNeg   . . .     Faith    .     (no shield)
rPois  .         Spirit   .     (helmet restricted)
rElec  .         Dismiss  .     (no cloak)
rCorr  .         Reflect  .     (gloves unavailable)
SustAt .         Harm     .     (boots unavailable)
MR     ++...                    (no amulet)
Stlth  +.........               (no ring)
                                m - +3 ring of protection

@: exhausted, regenerating, slowed, very slow, very resistant to hostile
enchantments, very unstealthy
A: unfitting armour, tough skin 1
a: Berserk, Trog's Hand, Brothers in Arms, Burn Spellbooks, Renounce Religion


You were on level 7 of the Dungeon.
You worshipped Trog.
Trog was greatly pleased with you.
You were not hungry.

You visited 1 branch of the dungeon, and saw 7 of its levels.

You collected 303 gold pieces.

Inventory:

Hand Weapons
 a - a +0 giant spiked club
 p - a +0 flail (weapon)
 q - a +0 mace of holy wrath
Missiles
 y - 4 tomahawks of returning
 C - a javelin (quivered)
Armour
 b - a +1 animal skin (worn)
 d - a +0 shield
Jewellery
 m - a +3 ring of protection (left hand)
 v - an uncursed ring of magical power
 x - an uncursed ring of protection from cold {unknown}
Scrolls
 g - a scroll of blinking
 h - 7 scrolls of identify
 n - a scroll of fog {unknown}
 u - 2 scrolls of teleportation {unknown}
 w - a scroll of immolation {unknown}
 z - a scroll of remove curse {unknown}
 D - a scroll of noise {unknown}
Potions
 e - a potion of heal wounds {unknown}
 f - a potion of cancellation {unknown}
 i - a potion of flight {unknown}
 j - a potion of brilliance {unknown}
 k - a potion of ambrosia {unknown}
 l - 2 potions of curing {unknown}
 s - 3 potions of might {unknown}
 t - 2 potions of agility {unknown}
 A - a potion of degeneration {unknown}
 B - a potion of invisibility {unknown}
Comestibles
 c - 3 bread rations
 o - 3 fruits
 r - 2 meat rations
 E - 2 chunks of flesh


   Skills:
 + Level 6.6 Fighting
 - Level 14.0 Maces & Flails
 + Level 3.6 Throwing
 + Level 4.4 Dodging


You had 8 spell levels left.
You didn't know any spells.

Dungeon Overview and Level Annotations

Branches:
Dungeon (7/15)             Temple (0/1) D:7

Altars:
Ashenzari
Elyvilon
Gozag
Okawaru
Pakellas
The Shining One


Innate Abilities, Weirdness & Mutations

You are too large for most types of armour.
You have tough skin (AC +1).


Message History

The killer bee dies!
Trog accepts your kill.
Your ogre completely misses the killer bee.
The killer bee stings you.
* * * LOW HITPOINT WARNING * * *
There is an open door here.
Your skin crawls.
You feel resistant to hostile enchantments.
You feel slightly more hungry. The killer bee barely misses you.
Your ogre barely misses the killer bee.
The killer bee barely misses you. The killer bee closely misses you.
Unknown command.
You miss the killer bee.
Your ogre closely misses the killer bee.
The killer bee stings you.
* * * LOW HITPOINT WARNING * * *
The killer bee barely misses you.
Your ogre completely misses the killer bee.
You closely miss the killer bee. The killer bee stings you.
You die...

+.+ #....(........ #.#
#............. +.+
#............. #.#
#............≈ +.+
#..........≈≈≈
#.###.........≈≈≈≈
+.'.#.........≈≈≈≈ #.#
........≈≈≈≈ #@###
........≈≈≈≈ #y#8#
....#.#..≈≈≈ #y.##
#####.#()..≈ ##.O.#
#...))... ##..†.##
#........ ##......#
#...÷....
#.......#####........
.......................
.......................


You could see 2 killer bees and a friendly ogre (berserk).

Vanquished Creatures
  Sigmund (D:5)
  2 wraiths (D:7)
  A hippogriff (D:7)
  An orc warrior (D:6)
  2 ogres
  A phantom (D:6)
  4 centaurs
  A big kobold (D:7)
  3 giant frogs
  6 crimson imps
  2 centaur zombies (D:6)
  2 jellies
  2 giant frog skeletons
  A centaur skeleton (D:4)
  4 hounds
  2 orc priests (D:6)
  3 orc wizards
  An iguana (D:6)
  3 worker ants
  11 adders
  7 gnolls (D:6)
  2 river rats (D:5)
  A shadow imp (D:7)
  2 oozes
  An adder zombie (D:6)
  3 worms
  2 dart slugs
  3 giant geckos
  16 orcs
  A ball python (D:5)
  5 giant cockroaches
  4 goblins
  7 hobgoblins
  9 jackals
  5 quokkas
  9 bats
  4 giant newts
  A jackal skeleton (D:5)
  14 kobolds
  A quokka skeleton (D:5)
  6 rats
156 creatures vanquished.

Vanquished Creatures (collateral kills)
  2 killer bees (D:7)
2 creatures vanquished.

Vanquished Creatures (others)
  A fire dragon (D:6)
  A bush (D:6)
2 creatures vanquished.

Grand Total: 160 creatures vanquished

Notes
Turn   | Place    | Note
--------------------------------------------------------------
     0 | D:1      | MenacingMecha the Ogre Berserker began the quest for the Orb.
     0 | D:1      | Reached XP level 1. HP: 24/24 MP: 1/1
   198 | D:1      | Reached XP level 2. HP: 32/32 MP: 2/2
   343 | D:1      | Reached skill level 5 in Maces & Flails
   809 | D:2      | Found a glowing golden altar of the Shining One.
   830 | D:2      | Reached XP level 3. HP: 6/39 MP: 3/3
  1130 | D:2      | Reached ** piety under Trog
  1250 | D:2      | Reached skill level 6 in Maces & Flails
  1664 | D:2      | Reached XP level 4. HP: 40/48 MP: 4/4
  2029 | D:2      | Reached skill level 7 in Maces & Flails
  2335 | D:3      | Reached XP level 5. HP: 49/54 MP: 5/5
  2453 | D:3      | Found a shattered altar of Ashenzari.
  2706 | D:3      | Found a faded altar to an unknown god.
  2787 | D:4      | Reached *** piety under Trog
  2813 | D:4      | Reached skill level 8 in Maces & Flails
  3217 | D:4      | Reached XP level 6. HP: 62/62 MP: 6/6
  3374 | D:4      | Found an iron altar of Okawaru.
  3400 | D:5      | Entered Level 5 of the Dungeon
  3487 | D:5      | Reached skill level 9 in Maces & Flails
  3718 | D:5      | Reached XP level 7. HP: 70/70 MP: 7/7
  3805 | D:5      | Reached skill level 10 in Maces & Flails
  3810 | D:5      | Noticed Sigmund
  3819 | D:5      | Killed Sigmund
  3845 | D:5      | Found a glowing drain.
  3944 | D:5      | Found an opulent altar of Gozag.
  4063 | D:5      | Reached skill level 11 in Maces & Flails
  4077 | D:5      | Found a white marble altar of Elyvilon.
  4422 | D:6      | Reached XP level 8. HP: 74/78 MP: 8/8
  4484 | D:6      | Reached skill level 12 in Maces & Flails
  4871 | D:6      | Found an oddly glowing altar of Pakellas.
  4872 | D:6      | Noticed a fire dragon
  4881 | D:6      | Killed a fire dragon
  5090 | D:6      | Reached skill level 13 in Maces & Flails
  5733 | D:6      | Reached skill level 14 in Maces & Flails
  5895 | D:6      | Reached **** piety under Trog
  6091 | D:6      | Reached skill level 1 in Throwing
  6091 | D:6      | Reached XP level 9. HP: 60/85 MP: 9/9
  6447 | D:7      | Reached skill level 5 in Fighting
  7146 | D:7      | Found a staircase to the Ecumenical Temple.
  7547 | D:7      | HP: 4/92 [killer bee (5)]
  7550 | D:7      | Slain by a killer bee

Vault maps used:
D:1:      dpeg_arrival_snail
D:2:      tso_metal_star
D:3:      ecumenical_altar_1, nicolae_ashenzari_panopticon
D:4:      lemuel_round_altar
D:5:      nicolae_overflow_crystal_walls, portal_sewer_entry_b, basic_altar,
          first_bread, uniq_sigmund
D:6:      gammafunk_pakellas_spire_experiment
D:7:      nicolae_ru_the_path_less_chosen, lemuel_mausoleum_altar_kikubaaqudgha,
          temple_pool_b

Skill      XL: |  1  2  3  4  5  6  7  8  9 |
---------------+----------------------------+-----
Maces & Flails | 5 6 7 8 9 11 14 | 14.0
Throwing       | 1 3 |  3.6
Dodging        | 3 4 |  4.4
Fighting       | 6 |  6.6

Action                   |  1- 3 |  4- 6 |  7- 9 || total
-------------------------+-------+-------+-------++-------
Melee: Mace              |   103 |    76 |       ||   179
       Flail             |       |   102 |   358 ||   460
Throw: Javelin           |       |       |     7 ||     7
       Tomahawk          |       |       |     4 ||     4
Invok: Berserk           |     1 |     1 |     4 ||     6
       Trog's Hand       |       |       |     1 ||     1
       Brothers in Arms  |       |       |     1 ||     1
  Use: Scroll            |       |     4 |     1 ||     5
  Eat: Chunk             |     3 |     7 |    11 ||    21
       Meat ration       |       |       |     1 ||     1
       Beef jerky        |       |       |     1 ||     1
